 Dungeon Crawl Stone Soup version 0.30.0-3-ga4e48a9924 (webtiles) character file.

Game seed: 18249471789626375345

154 PoweredByGinger the Shield-Bearer (level 5, -3/45 HPs)
             Began as a Minotaur Fighter on May 7, 2023.
             Killed from afar by an oklob sapling (20 damage)
             ... with a splash of acid
             ... on level 4 of the Dungeon on May 8, 2023.
             The game lasted 00:02:43 (3002 turns).

PoweredByGinger the Shield-Bearer (MiFi)            Turns: 3002, Time: 00:02:44

Health: -3/45      AC:  2    Str: 23    XL:     5   Next: 13%
Magic:  4/4        EV:  9    Int:  5    God:
Gold:   150        SH:  5    Dex:  9    Spells: 4/4 levels left

rFire   . . .        a - +0 war axe
rCold   + . .        c - +0 buckler
rNeg    . . .        b - +0 scale mail
rPois   .            (helmet restricted)
rElec   .            (no cloak)
rCorr   .            (no gloves)
SInv    .            (no boots)
Will    .....        (no amulet) Stlth
                     o - ring of protection from cold
HPRegen 0.27/turn    (no ring)
MPRegen 0.09/turn

%: no passive effects
@: corroded
A: horns 2, retaliatory headbutt
a: no special abilities


You were on level 4 of the Dungeon.
You visited 1 branch of the dungeon, and saw 4 of its levels.

You collected 150 gold pieces.

Inventory:

Hand Weapons
 a - a +0 war axe (weapon)
Armour
 b - a +0 scale mail (worn)
 c - a +0 buckler (worn)
Jewellery
 o - a ring of protection from cold (left hand)
Wands
 m - a wand of mindburst (1)
Scrolls
 f - a scroll of noise {unknown}
 i - 2 scrolls of identify {unknown}
 j - 2 scrolls of amnesia {unknown}
 k - a scroll of blinking {unknown}
 n - 3 scrolls of enchant weapon {unknown}
Potions
 d - a potion of might
 e - a potion of heal wounds {unknown}
 g - a potion of brilliance {unknown}
 h - a potion of lignification {unknown}
 l - a potion of curing {unknown}
 p - a potion of mutation {unknown}


   Skills:
 - Level 3.6 Fighting
 + Level 4.9 Axes
 - Level 3.6 Armour
 + Level 5.6 Shields


You had 4 spell levels left.
You didn't know any spells.
Your spell library contained the following spells:

 Spells                   Type           Power      Damage    Failure   Level
 Freeze                   Ice            0%         1d3       85%         1
 Magic Dart               Conj           0%         1d3       85%         1
 Call Imp                 Summ           0%         N/A       94%         2
 Frozen Ramparts          Ice            0%         1d1       99%         3
 Hailstorm                Conj/Ice       0%         3d3       99%         3
 Mephitic Cloud           Conj/Pois/Air  0%         N/A       99%         3


Dungeon Overview and Level Annotations

Branches:
Dungeon (4/15)             Temple (0/1) D:4

Altars:
Cheibriados
Ru

Annotations:
D:4 exclusion: oklob sapling


Innate Abilities, Weirdness & Mutations

You have a pair of horns on your head.
You reflexively headbutt those who attack you in melee.


Message History

A goblin comes into view. It is wielding a +0 club.
You barely miss the goblin.
You headbutt the goblin, but do no damage.
The goblin hits you with a +0 club. The goblin closely misses you.
You closely miss the goblin. The goblin hits you but does no damage.
You closely miss the goblin. You block the goblin's attack.
You slash the goblin!
You kill the goblin!
Found a scroll labelled HAB RYATAINO.
You hit the plant.
The plant begins to die.
You headbutt the plant.
The plant is lightly damaged.
You slash the plant!
The plant begins to die.
You slash the plant!
The plant begins to die.
You hit the plant.
The plant begins to die.
You hit the plant. You headbutt the plant!
The plant is lightly damaged.
You slash the plant! You hit the plant. You slash the plant!
You slash the plant! You headbutt the plant!
The plant is lightly damaged.
You hit the plant. You slash the plant! You hit the plant.
A nearby plant withers and dies.
You slash the plant!
The plant is moderately damaged.
You hit the plant. You hit the plant but do no damage.
A nearby plant withers and dies. x3
The oklob sapling spits acid at you. The splash of acid hits you!!
Ouch! That really hurt!
The acid corrodes you!
You hit the oklob sapling. You headbutt the oklob sapling!
The oklob sapling is heavily damaged.
You hit the plant.
The plant begins to die.
You completely miss the plant. You slash the plant!
The plant begins to die.
You hit the plant.
The plant begins to die.
Unknown command.
You hit the oklob sapling.
The oklob sapling is severely damaged.
You hit the plant but do no damage. x4
The oklob sapling spits acid at you. The splash of acid hits you!!
You die...

#.....# #.....# #.....#
#######.....# ###
..?...+.....##########..
#....P.................
#P.PPP...)###########..
##.PP.P........# #..
...P.>P@...##.## #..
.#PP.PPPP..# # #..
#.PPP.P.+## #..
#P..PP... ###
......#.### #.##..#.# #
#..##. .## .


You could see an oklob sapling.

Vanquished Creatures
  Ijyb (D:3)
  Natasha (thrice) (D:2)
  A dart slug (D:2)
  4 ball pythons
  5 endoplasms
  3 giant cockroaches
  3 hobgoblins
  5 kobolds
  3 quokkas (D:1)
  7 bats (D:1)
  3 frilled lizards
  8 goblins
  6 rats
  A spectral goblin (D:1)
53 creatures vanquished.

Vanquished Creatures (others)
  A fungus (D:1)
  4 plants (D:4)
5 creatures vanquished.

Grand Total: 58 creatures vanquished

Notes
Turn   | Place    | Note
-------+----------+-------------------------------------------
     0 | D:1      | PoweredByGinger the Minotaur Fighter began the quest for
                  | the Orb.
     0 | D:1      | Reached XP level 1. HP: 19/19 MP: 0/0
   232 | D:1      | Found a faded altar of an unknown god.
   285 | D:1      | Reached skill level 4 in Shields
   420 | D:1      | Reached XP level 2. HP: 23/26 MP: 1/1
   665 | D:1      | Reached XP level 3. HP: 31/31 MP: 2/2
  1083 | D:2      | Noticed Natasha
  1092 | D:2      | Killed Natasha
  1337 | D:2      | Reached XP level 4. HP: 39/39 MP: 3/3
  1458 | D:2      | Noticed Natasha
  1472 | D:2      | Killed Natasha
  1473 | D:2      | Reached skill level 5 in Shields
  1478 | D:2      | Noticed Natasha
  1628 | D:2      | Killed Natasha
  2118 | D:3      | Found a sacrificial altar of Ru.
  2169 | D:3      | Found a snail-covered altar of Cheibriados.
  2237 | D:3      | Noticed Ijyb
  2247 | D:3      | Killed Ijyb
  2248 | D:3      | Reached XP level 5. HP: 18/45 MP: 4/4
  2987 | D:4      | Found a staircase to the Ecumenical Temple.
  3002 | D:4      | Killed from afar by an oklob sapling

Illustrated notes

Levels and vault maps discovered:
D:1:      dpeg_cavernosity, layout_basic,
          dreamdust_ecumenical_altar_drowned_temple
D:2:      layout_basic, hangedman_abyss_or_decor_lesser_grid, uniq_natasha
D:3:      layout_loops_ring, mainiacjoe_overflow_24_doors, lemuel_crystal_altar,
          minmay_misc_feat_x, uniq_ijyb
D:4:      layout_basic, minmay_temple_entry_oklob, nicolae_eternal_life

Skill      XL: |  1  2  3  4 |
---------------+-------------+-----
Shields        | 4 5 |  5.6
Axes           | 3 4 |  4.9
Fighting       | |  3.6
Armour         | |  3.6

Action                     |  1- 3 |  4- 6 || total
---------------------------+-------+-------++-------
  Melee: War axe           |    78 |    56 ||   134
         Headbutt          |     2 |    10 ||    12
 Armour: Scale mail        |    48 |    15 ||    63
  Dodge: Dodged            |    47 |    18 ||    65
  Block: Buckler           |    17 |     8 ||    25
